 Dungeon Crawl Stone Soup version 0.17.2-1-ge4368a0 (webtiles) character file.

1811 daftwullie the Cudgeler (level 9, -3/89 HPs)
             Began as an Ogre Warper on Feb 27, 2017.
             Was a Follower of the Shining One.
             Slain by a wyvern (16 damage)
             ... on level 4 of the Dungeon.
             The game lasted 01:47:10 (11848 turns).

daftwullie the Cudgeler (Ogre Warper)              Turns: 11848, Time: 01:47:13

Health: -3/89      AC:  1    Str: 19    XL:     9   Next: 10%
Magic:  7/18       EV: 10    Int: 14    God:    the Shining One [*.....]
Gold:   243        SH:  0    Dex:  9    Spells: 3 memorised, 15 levels left

rFire  . . .     SeeInvis .     a - +0 giant spiked club
rCold  . . .     Clarity  .     u - -2 robe (curse)
rNeg   . . .     SustAt   .     (shield currently unavailable)
rPois  .         Gourm    .     (helmet restricted)
rElec  .         Spirit   .     (no cloak)
rCorr  .         Warding  .     (gloves unavailable)
rMut   .         Stasis   .     (boots unavailable)
MR     .....                    (no amulet)
Stlth  +.........               (no ring)
                                h - ring of wizardry

@: very slightly contaminated, glowing, not resistant to hostile enchantments,
very unstealthy
A: unfitting armour, tough skin 1
a: Renounce Religion


You were on level 4 of the Dungeon.
You worshipped the Shining One.
The Shining One was aware of your devotion.
You were not hungry.

You visited 2 branches of the dungeon, and saw 6 of its levels.

You collected 243 gold pieces.

Inventory:

Hand Weapons
 a - a +0 giant spiked club (weapon)
 b - a +0 blowgun
 j - a +0 mace
Missiles
 d - 2 needles of slowing
 m - 132 stones (quivered)
 q - 10 poisoned needles
 s - 71 sling bullets
 x - a throwing net
Armour
 t - a +1 robe
 u - a cursed -2 robe (worn)
Jewellery
 h - a ring of wizardry (left hand)
Scrolls
 g - 3 scrolls of identify
 l - a scroll of enchant armour
 n - a scroll of teleportation
 r - a scroll of noise
Potions
 e - a potion of curing
 i - a potion of might
 k - 2 potions of agility
 z - a potion of flight
Books
 c - a book of Spatial Translocations

   Spells                             Type                      Level
   a - Apportation                    Translocation                1
   b - Blink                          Translocation                2
   c - Shroud of Golubria             Charms/Translocation         2
   d - Portal Projectile              Translocation                3
   e - Teleport Other                 Translocation                3
   f - Passage of Golubria            Translocation                4
Comestibles
 f - 2 bread rations


   Skills:
 + Level 5.8 Fighting
 * Level 6.8 Maces & Flails
 * Level 5.1 Throwing
 - Level 2.1 Dodging
 * Level 6.4 Spellcasting
 + Level 1.8 Charms
 * Level 4.5 Translocations


You had 15 spell levels left.
You knew the following spells:

 Your Spells              Type           Power        Failure   Level  Hunger
a - Apportation           Tloc           ###.......   1%          1    None
b - Blink                 Tloc           N/A          1%          2    #......
c - Shroud of Golubria    Chrm/Tloc      ##........   4%          2    #......


Dungeon Overview and Level Annotations

Branches:
Dungeon (5/15)             Temple (1/1) D:4

Altars:
Dithmenos
Elyvilon
Fedhas
Gozag
Kikubaaqudgha
Makhleb
Nemelex Xobeh
Ru
Sif Muna
Trog
Vehumet
Xom
The Shining One

Annotations:
D:4 Duvessa


Innate Abilities, Weirdness & Mutations

You are too large for most types of armour.
You have tough skin (AC +1).


Message History

The wyvern closely misses you. The wyvern bites you!
Casting: Shroud of Golubria
Confirm with . or Enter, or press ? or * to list all spells.
Space distorts slightly along a thin shroud covering your body.
The wyvern closely misses you.
You barely miss the wyvern. The wyvern bites you!
* * * LOW HITPOINT WARNING * * *
Your shroud falls apart!
The wyvern misses you.
Casting: Shroud of Golubria
Confirm with . or Enter, or press ? or * to list all spells.
You blink.
Casting: Blink
Confirm with . or Enter, or press ? or * to list all spells.
You miscast Blink.
You are very lightly contaminated with residual magic.
Nothing appears to happen.
The wyvern bites you.
* * * LOW HITPOINT WARNING * * *
The wyvern bites you!
You die...

.##..##..#...........#..###
.#
###.........####[.##......#
.# #......##.....o>####..#.#
.#
#####.#########......(#.##.#
#### #.# #.......##..(....#
...# #.# #...<(..#.......##
##.####.#####.(.((..#.#..s..#
#..##.....)(([(.)..#.#..#..#
##..##..#.##...l@...#......##
..).##....##.......(#..###.#
###.##.##.##ยง....(..#......#
#.##.....[.#########.#####
#.#####.############.#
#.#####.####.......#.#
#.........##.#####.#.#
#######.......s....s.#
#########.#[#...#.##.###


You could see a wyvern.

Vanquished Creatures
  Grinder (D:4)
  Sigmund (D:3)
  A water moccasin (D:5)
  An orc warrior (D:3)
  2 sky beasts
  A phantom (D:3)
  An ogre (D:3)
  3 scorpions (D:4)
  Dowan (D:4)
  4 crimson imps
  A hound (D:4)
  An orc priest (D:4)
  Natasha (thrice) (D:4 D:3)
  4 orc wizards
  5 worker ants
  A hound skeleton (D:5)
  A worker ant zombie (D:5)
  12 adders
  An adder skeleton (D:5)
  6 worms
  11 orcs
  2 ball pythons
  2 giant cockroaches
  6 hobgoblins
  12 jackals
  5 bats
  A giant gecko skeleton (D:5)
  6 giant newts
  12 goblins
  10 kobolds
  3 quokkas
  A quokka skeleton (D:4)
  8 rats
130 creatures vanquished.

Vanquished Creatures (others)
  A plant (D:5)
1 creature vanquished.

Grand Total: 131 creatures vanquished

Notes
Turn   | Place    | Note
--------------------------------------------------------------
     0 | D:1      | daftwullie the Ogre Warper began the quest for the Orb.
     0 | D:1      | Reached XP level 1. HP: 22/22 MP: 3/3
   202 | D:1      | Reached XP level 2. HP: 25/29 MP: 5/5
   206 | D:1      | Learned a level 2 spell: Blink
   209 | D:1      | Learned a level 2 spell: Shroud of Golubria
   970 | D:2      | Reached skill level 3 in Maces & Flails
   970 | D:2      | Reached XP level 3. HP: 36/36 MP: 4/7
  1322 | D:2      | Reached XP level 4. HP: 39/44 MP: 6/8
  1616 | D:2      | Found a faded altar to an unknown god.
  2117 | D:3      | Found a shimmering altar of Xom.
  2168 | D:3      | Reached XP level 5. HP: 51/53 MP: 9/9
  2204 | D:3      | Noticed a sky beast
  2271 | D:3      | Noticed Sigmund
  2297 | D:3      | Killed Sigmund
  2297 | D:3      | Reached skill level 4 in Spellcasting
  2297 | D:3      | Reached XP level 6. HP: 40/61 MP: 9/12
  3145 | D:3      | Killed a sky beast
  3367 | D:3      | Noticed a phantom
  3404 | D:3      | Killed a phantom
  3404 | D:3      | Reached skill level 1 in Charms
  3404 | D:3      | Reached XP level 7. HP: 23/70 MP: 10/13
  3655 | D:4      | Found a staircase to the Ecumenical Temple.
  3672 | Temple   | Entered the Ecumenical Temple
  3761 | D:4      | Noticed Natasha
  3784 | Temple   | Became a worshipper of the Shining One
  3859 | D:4      | Killed Natasha
  3887 | D:4      | Noticed Grinder
  3891 | D:4      | Killed Grinder
  3923 | D:4      | Noticed Duvessa
  3923 | D:4      | Noticed Dowan
  4572 | D:4      | Noticed Natasha
  4625 | D:3      | Killed Natasha
  5004 | D:4      | Reached skill level 5 in Spellcasting
  6346 | D:3      | Noticed Natasha
  6355 | D:3      | Killed Natasha
  6781 | D:5      | Entered Level 5 of the Dungeon
  7049 | D:5      | Reached XP level 8. HP: 32/79 MP: 13/15
  8609 | D:4      | Reached * piety under the Shining One
  8814 | D:4      | Reached skill level 5 in Maces & Flails
  9489 | D:5      | Reached skill level 5 in Fighting
  9603 | D:4      | HP: 1/81 [crimson imp (4)]
 10488 | D:5      | Found a deep blue altar of Sif Muna.
 10970 | D:3      | Reached skill level 6 in Maces & Flails
 11096 | D:4      | Reached skill level 5 in Throwing
 11384 | D:3      | Reached XP level 9. HP: 25/89 MP: 11/18
 11679 | D:4      | Killed Dowan
 11848 | D:4      | Slain by a wyvern

Action                   |  1- 3 |  4- 6 |  7- 9 || total
-------------------------+-------+-------+-------++-------
Melee: Mace              |   131 |   116 |   451 ||   698
       Giant spiked club |       |       |    27 ||    27
 Fire: Blowgun           |       |    11 |       ||    11
Throw: Large rock        |     5 |    20 |    18 ||    43
       Stone             |       |    22 |   134 ||   156
       Tomahawk          |       |     5 |    20 ||    25
       Throwing net      |       |       |     4 ||     4
 Cast: Shroud of Golubri |     9 |    18 |    66 ||    93
       Blink             |       |     1 |    25 ||    26
  Use: Scroll            |       |     6 |     6 ||    12
       Potion            |       |       |     7 ||     7
  Eat: Chunk             |     2 |     6 |     6 ||    14
       Beef jerky        |       |     1 |     1 ||     2
       Fruit             |       |       |     7 ||     7
       Meat ration       |       |       |     2 ||     2
       Bread ration      |       |       |     3 ||     3
